[Event "Team 45 45 League T33"]
[Site "Internet Chess Club"]
[Date "2007.04.21"]
[Round "1"]
[White "Mater"]
[Black "Vitruvian"]
[Result "1-0"]
[WhiteElo "1746"]
[BlackElo "1844"]
[ECO "D30"]
[TimeControl "2700+45"]

1. d4 d5 2. c4 e6 3. a3 c6 4. Nc3 f5 5. Nf3 Nf6 6. Bg5 Bd6 7. e3 O-O 8. Be2 Nbd7
9. c5 Bc7 10. O-O Qe8 11. Qc2 Ne4 12. Rad1 Nxg5 13. Nxg5 e5 14. dxe5 Nxe5 15.
Rd4 Qe7 16. f4 Ng6 17. Rf3 h6 18. Nh3 Qxc5 19. Rg3 Rf6 20. Bh5 Nf8 21. b4 Qd6
22. Qb2 Bb6 23. Rd1 Kh7 24. Na4 Bd7 25. Nc5 Bxc5 26. bxc5 Qxc5 27. Qxb7 Rd8 28.
Qb2 Qb6 29. Qe5 Qc5 30. Qb2 Be8 31. Be2 Qe7 32. Bd3 g6 33. Qd4 c5 34. Qc3 d4 35.
exd4 cxd4 36. Qa5 Re6 37. Kf2 Re3 38. Ng1 Rxg3 39. hxg3 Bc6 40. Nf3 Bxf3 41.
gxf3 Re8 42. Bb5 Qe3+ 43. Kg2 Re7 44. Qb4 Kg7 45. Rxd4 Rc7 46. Qb2 Rc3 47. Rd3
{Black resigns} 1-0

[Event "Team 45 45 League T33"]
[Site "Internet Chess Club"]
[Date "2007.04.22"]
[Round "1"]
[White "vrahimov"]
[Black "jazzpiano"]
[Result "1-0"]
[WhiteElo "1574"]
[BlackElo "1715"]
[ECO "B01"]
[TimeControl "2700+45"]

1. e4 d5 2. exd5 Nf6 3. c4 e6 4. d4 exd5 5. Nf3 dxc4 6. Bxc4 Qe7+ 7. Be2 Qb4+ 8.
Nc3 Ne4 9. O-O Nxc3 10. bxc3 Qxc3 11. Bg5 Bd6 12. Bb5+ Bd7 13. Re1+ Kf8 14. Bd2
Qa3 15. Re3 Qb2 16. Rb3 Qxb3 17. Qxb3 Bxb5 18. Qxb5 b6 {Black resigns} 1-0

[Event "Team 45 45 League T33"]
[Site "Internet Chess Club"]
[Date "2007.04.24"]
[Round "1"]
[White "bishopb7"]
[Black "superbeast"]
[Result "0-1"]
[WhiteElo "1689"]
[BlackElo "1630"]
[ECO "A46"]
[TimeControl "2700+45"]

1. d4 Nf6 2. Nf3 e6 3. e3 b6 4. Bd3 Bb7 5. Nbd2 c5 6. Qe2 Be7 7. O-O O-O 8. c3
Nc6 9. Re1 d5 10. e4 cxd4 11. Nxd4 Nxd4 12. cxd4 dxe4 13. Nxe4 Qxd4 14. Be3 Qd5
15. Bd2 Rfd8 16. Nxf6+ Bxf6 17. Be4 Qxe4 18. Qxe4 Bxe4 {White resigns} 0-1

[Event "Team 45 45 League T33"]
[Site "Internet Chess Club"]
[Date "2007.04.22"]
[Round "1"]
[White "Squaredance"]
[Black "RedAttack"]
[Result "1-0"]
[WhiteElo "2007"]
[BlackElo "1877"]
[ECO "D04"]
[TimeControl "2700+45"]

1. d4 d5 2. Nf3 Nf6 3. e3 Nc6 4. Bd3 e6 5. O-O Bd6 6. Nbd2 Qe7 7. Re1 Bd7 8. e4
Nxe4 9. Nxe4 dxe4 10. Bxe4 O-O-O 11. c4 Bb4 12. Re2 Qf8 13. c5 f5 14. Bc2 Ba5
15. a3 e5 16. b4 e4 17. Ne5 Nxe5 18. dxe5 Bb5 19. Rd2 c6 20. bxa5 Qxc5 21. Bb2
Rxd2 22. Qxd2 Rd8 23. Qc3 Qxc3 24. Bxc3 c5 25. f4 Bd3 26. Bb3 Kd7 27. Rd1 Ke7
28. Kf2 g6 29. Ke3 b5 30. axb6 axb6 31. Be1 Ra8 32. Ra1 c4 33. Bd1 Rc8 34. Bc3
Rc7 35. Ra2 Rb7 36. Rb2 Kd7 37. a4 Kc6 38. Bd4 h5 39. a5 b5 40. a6 Rb8 41. a7
Ra8 42. Ra2 Kb7 43. e6 b4 44. e7 c3 45. Ba4 c2 46. Bxc2 Bb5 47. Rb2 Kc8 48. Rxb4
{Black resigns} 1-0

[Event "Team 45 45 League T33"]
[Site "Internet Chess Club"]
[Date "2007.04.21"]
[Round "1"]
[White "kingfischer57"]
[Black "IceBox"]
[Result "1-0"]
[WhiteElo "1831"]
[BlackElo "1657"]
[ECO "D31"]
[TimeControl "2700+45"]

1. d4 d5 2. c4 e6 3. Nc3 Be7 4. Nf3 Nf6 5. Bg5 c6 6. e3 Nbd7 7. Bd3 O-O 8. O-O
Re8 9. Rc1 h6 10. Bh4 Nf8 11. h3 N6d7 12. Bxe7 Qxe7 13. Re1 dxc4 14. Bxc4 Nb6
15. Bb3 Nfd7 16. e4 e5 17. d5 Nc5 18. Bc2 Rd8 19. b4 Ncd7 20. a3 Nf6 21. Bb3 a5
22. b5 Qxa3 23. Nxe5 Qe7 24. f4 cxd5 25. Nxd5 Nfxd5 26. exd5 Be6 27. Qf3 Bxd5
28. Bxd5 Rxd5 29. Nc4 Qd8 30. Nxb6 Rxb5 31. Nxa8 Qxa8 32. Rb1 {Black resigns}
1-0

[Event "Team 45 45 League T33"]
[Site "Internet Chess Club"]
[Date "2007.04.23"]
[Round "1"]
[White "egd01"]
[Black "crankn8tr"]
[Result "1-0"]
[WhiteElo "1667"]
[BlackElo "1599"]
[ECO "B01"]
[TimeControl "2700+45"]

1. e4 d5 2. exd5 Qxd5 3. Qf3 Nf6 4. Nc3 Qa5 5. Bb5+ c6 6. Ba4 Bg4 7. Qd3 Nbd7 8.
Bb3 Nc5 9. Qc4 Nxb3 10. Qxb3 Qc7 11. d3 e6 12. Qc4 Bd6 13. h3 Bh5 14. Nge2 Bxe2
15. Nxe2 Nd5 16. Qg4 Be5 17. a3 O-O-O 18. O-O Rdg8 19. f4 f5 20. Qf3 Qb6+ 21. d4
Bxd4+ 22. Nxd4 Qxd4+ 23. Kh1 Nf6 24. Be3 Qxb2 25. Bxa7 Qxc2 26. Rac1 Qe4 27. Qb3
Nd5 28. Rb1 Nxf4 29. Rxf4 Qxf4 30. Qxe6+ Kc7 31. Qe7+ Kc8 32. Qxb7+ Kd8 33. Rd1+
Ke8 34. Qd7+ Kf8 35. Bc5+ {Black resigns} 1-0

[Event "Team 45 45 League T33"]
[Site "Internet Chess Club"]
[Date "2007.04.18"]
[Round "1"]
[White "chsrules88"]
[Black "bobhill"]
[Result "1-0"]
[WhiteElo "2100"]
[BlackElo "2062"]
[ECO "B50"]
[TimeControl "2700+45"]

1. e4 c5 2. Nf3 d6 3. Bd3 g6 4. c3 Bg7 5. O-O Nf6 6. Bc2 O-O 7. h3 Nc6 8. Re1
Bd7 9. Ba4 a6 10. Bxc6 Bxc6 11. d3 b5 12. Bg5 h6 13. Bf4 e5 14. Bg3 Nh5 15. Bh2
f5 16. exf5 Rxf5 17. Nbd2 Qf8 18. Ne4 Nf4 19. Bxf4 Rxf4 20. Qe2 d5 21. Ned2 Re8
22. Nf1 e4 23. dxe4 Rexe4 24. Qc2 Rxf3 25. gxf3 Qxf3 26. Nd2 Rxe1+ 27. Rxe1 Qxh3
28. Qxg6 Bd7 29. Re7 Qg4+ 30. Qxg4 Bxg4 31. Ra7 d4 32. cxd4 Bxd4 33. b3 h5 34.
Rxa6 b4 35. Kg2 Kg7 36. Nf3 Bf6 37. Ra7+ Kg6 38. Rc7 h4 39. Rxc5 h3+ 40. Kg3 Be6
41. Ng1 Bh4+ 42. Kh2 Bxf2 43. Rc6 Kf5 44. Nxh3 Bd5 45. Rc8 Be3 46. Kg3 Ke4 47.
Nf2+ Kd4 48. Ng4 Bd2 49. Kf2 Be6 50. Rd8+ Kc3 51. Ne3 Bc1 52. Ke2 Kb2 53. Ra8
Kb1 54. Kd3 Ba3 55. Ra6 Bf7 56. Rf6 Bg8 57. Rf2 Bh7+ 58. Kc4 Bg8+ 59. Kc5 Bh7
60. Nc4 Bc1 61. Kxb4 Bg8 62. a4 Bg5 63. a5 Be7+ 64. Kb5 Be6 65. a6 Bd7+ 66. Ka5
Bc5 67. Rd2 Bc6 68. b4 Kc1 69. bxc5 {Black resigns} 1-0

[Event "Team 45 45 League T33"]
[Site "Internet Chess Club"]
[Date "2007.04.20"]
[Round "1"]
[White "camembert"]
[Black "aksuw"]
[Result "1/2-1/2"]
[WhiteElo "1907"]
[BlackElo "1993"]
[ECO "D82"]
[TimeControl "2700+45"]

1. d4 Nf6 2. c4 g6 3. Nc3 d5 4. Bf4 Bg7 5. e3 c5 6. dxc5 Qa5 7. Qa4+ Qxa4 8.
Nxa4 Ne4 9. f3 Bd7 10. fxe4 Bxa4 11. cxd5 Nd7 12. e5 Nxc5 13. Rc1 Rc8 14. Rc4
Bb5 15. Rb4 Bxf1 16. Kxf1 f6 17. exf6 Bxf6 18. Ke2 O-O 19. Nf3 b6 20. Be5 Na6
21. Rd4 Rc2+ 22. Rd2 Rxd2+ 23. Kxd2 Bxe5 24. Nxe5 Rf5 25. Nd3 Rxd5 26. Ke2 e5
27. e4 Rd4 28. Ke3 Nc5 29. Nxc5 bxc5 30. Rc1 c4 31. Rc2 Rd3+ 32. Ke2 Rd4 33. Ke3
Rd3+ 34. Ke2 Rd4 35. Ke3 {Game drawn by repetition} 1/2-1/2

[Event "Team 45 45 League T33"]
[Site "Internet Chess Club"]
[Date "2007.04.20"]
[Round "1"]
[White "steve"]
[Black "Beetlejuice"]
[Result "1-0"]
[WhiteElo "2019"]
[BlackElo "1825"]
[ECO "D07"]
[TimeControl "2700+45"]

1. d4 d5 2. c4 Nc6 3. Nf3 Bg4 4. e3 e5 5. dxe5 dxc4 6. Nbd2 Nxe5 7. Qa4+ Bd7 8.
Qc2 Nxf3+ 9. Nxf3 b5 10. Be2 Nf6 11. O-O Bd6 12. e4 Ng4 13. e5 Be7 14. Qe4 h5
15. Nd4 O-O 16. h3 Nh6 17. Bxh5 Bg5 18. f4 Bh4 19. f5 Bg5 20. f6 Bxc1 21. Raxc1
Re8 22. Bxf7+ Nxf7 23. Qg6 {Black resigns} 1-0

[Event "Team 45 45 League T33"]
[Site "Internet Chess Club"]
[Date "2007.04.23"]
[Round "1"]
[White "room-matt"]
[Black "viking99"]
[Result "1-0"]
[WhiteElo "1851"]
[BlackElo "1820"]
[ECO "C14"]
[TimeControl "2700+45"]

1. e4 e6 2. d4 d5 3. Nc3 Nf6 4. Bg5 Be7 5. e5 Nfd7 6. Bxe7 Qxe7 7. f4 c5 8. Nb5
O-O 9. Nc7 Nxe5 10. Nxa8 Nec6 11. Nf3 c4 12. c3 b5 13. Qc2 Bb7 14. Ng5 g6 15. h4
h6 16. Nf3 f5 17. g3 Bxa8 18. Bg2 a5 19. a3 Na6 20. h5 Qf6 21. Ne5 Nxe5 22. dxe5
Qg7 23. Qf2 Rc8 24. O-O-O Nc5 25. Kc2 b4 26. axb4 axb4 27. cxb4 Nd3 28. Qb6 Qd7
29. Ra1 Bc6 30. Ra7 Qe8 31. Bf1 Ba4+ 32. Kb1 Bc6 33. Bxd3 cxd3 34. Rd1 d4 35.
Qxd4 Bd5 36. Rc1 gxh5 37. Rxc8 Qxc8 38. Qc5 Qc6 39. Qxc6 Bxc6 40. Rc7 Ba4 41.
Kc1 Bb3 42. Kd2 Bc2 43. Re7 Kf8 44. Rxe6 Kg7 45. b5 {Black resigns} 1-0

[Event "Team 45 45 League T33"]
[Site "Internet Chess Club"]
[Date "2007.04.21"]
[Round "1"]
[White "jonesey"]
[Black "ChessAddict"]
[Result "0-1"]
[WhiteElo "1963"]
[BlackElo "2152"]
[ECO "C11"]
[TimeControl "2700+45"]

1. e4 e6 2. d4 d5 3. Nc3 Nf6 4. e5 Nfd7 5. Nf3 c5 6. Bb5 Nc6 7. Bxc6 bxc6 8. O-O
cxd4 9. Qxd4 c5 10. Qg4 f5 11. exf6 Nxf6 12. Qg3 g6 13. Nb5 Kf7 14. Ng5+ Kg8 15.
Bf4 Nh5 16. Qe3 Qd7 17. Nc7 Nxf4 18. Nxa8 Bd6 19. Nf3 d4 20. Qb3 Bb7 21. Rfe1
Bxa8 22. Ne5 Qe7 23. Nf3 c4 {White resigns} 0-1

[Event "Team 45 45 League T33"]
[Site "Internet Chess Club"]
[Date "2007.04.20"]
[Round "1"]
[White "bahus"]
[Black "MiroslavR"]
[Result "1/2-1/2"]
[WhiteElo "1962"]
[BlackElo "1968"]
[ECO "C06"]
[TimeControl "2700+45"]

1. e4 e6 2. d4 d5 3. Nd2 Nf6 4. e5 Nfd7 5. Bd3 c5 6. c3 Nc6 7. Ne2 cxd4 8. cxd4
f6 9. exf6 Nxf6 10. O-O Bd6 11. Nf3 O-O 12. Bg5 Bd7 13. Rc1 Be8 14. Ng3 Qb6 15.
b3 h6 16. Be3 Ng4 17. Bb1 Bxg3 18. hxg3 Nxe3 19. fxe3 Rf6 20. Nh4 Rxf1+ 21. Qxf1
g5 22. Qd3 Qc7 23. Nf3 Qg7 24. a3 Bh5 {Game drawn by mutual agreement} 1/2-1/2

[Event "Team 45 45 League T33"]
[Site "Internet Chess Club"]
[Date "2007.04.21"]
[Round "1"]
[White "Bort"]
[Black "Rhand"]
[Result "1/2-1/2"]
[WhiteElo "2027"]
[BlackElo "1950"]
[ECO "D11"]
[TimeControl "2700+45"]

1. d4 d5 2. Nf3 Nf6 3. c4 c6 4. e3 e6 5. Nbd2 Be7 6. b3 O-O 7. Bb2 Nbd7 8. Bd3
Bd6 9. Ne5 Bc7 10. O-O Nxe5 11. dxe5 Nd7 12. f4 f6 13. Qh5 f5 14. g4 g6 15. Qh6
Qe7 16. gxf5 exf5 17. cxd5 cxd5 18. Nf3 Bb6 19. Nd4 Nb8 20. Kf2 Nc6 21. Rac1
Nxd4 22. Bxd4 Bxd4 23. exd4 Be6 24. h4 Rac8 25. Qg5 Qxg5 26. hxg5 Kg7 27. Rh1
Rfd8 28. Rc5 b6 29. Rcc1 Rxc1 30. Rxc1 Rc8 31. Rxc8 Bxc8 32. Bb5 h6 33. gxh6+
Kxh6 34. Be8 Be6 35. Kf3 g5 36. fxg5+ Kxg5 37. Bc6 f4 38. Bb7 Bg4+ 39. Kf2 Be6
40. Kf3 {Game drawn by mutual agreement} 1/2-1/2

[Event "Team 45 45 League T33"]
[Site "Internet Chess Club"]
[Date "2007.04.25"]
[Round "1"]
[White "luar1609"]
[Black "spirit87"]
[Result "0-1"]
[WhiteElo "2037"]
[BlackElo "2049"]
[ECO "C64"]
[TimeControl "2700+45"]

1. e4 e5 2. Nf3 Nc6 3. Bb5 Bc5 4. O-O Nf6 5. Re1 O-O 6. c3 Re8 7. d4 exd4 8. e5
Ng4 9. cxd4 Nxd4 10. Nxd4 Nxf2 11. Kxf2 Qh4+ 12. Kg1 Bxd4+ 13. Kh1 Rxe5 14. g3
Qh3 15. Bf4 b6 16. Bc6 Qe6 {White resigns} 0-1

[Event "Team 45 45 League T33"]
[Site "Internet Chess Club"]
[Date "2007.04.19"]
[Round "1"]
[White "DeepHmm"]
[Black "Razorbackchess"]
[Result "1-0"]
[WhiteElo "2227"]
[BlackElo "1874"]
[ECO "E83"]
[TimeControl "2700+45"]

1. d4 Nf6 2. c4 g6 3. Nc3 Bg7 4. e4 d6 5. f3 O-O 6. Be3 Nc6 7. Nge2 a6 8. Qd2 e5
9. d5 Ne7 10. g4 Rb8 11. Ng3 Bd7 12. h4 Bxg4 13. fxg4 Nxg4 14. Bh3 Nxe3 15. Qxe3
f5 16. exf5 Nxf5 17. Bxf5 gxf5 18. Nh5 Bf6 19. Qh6 Qe7 20. O-O-O Kh8 21. Rdf1
Bg7 22. Nxg7 Qxg7 23. Qxg7+ Kxg7 24. Rhg1+ Kh6 25. Rg5 f4 26. Kd2 Rg8 27. Rfg1
Rxg5 28. Rxg5 Rf8 29. Ne4 f3 30. Nf2 Rf4 31. Ng4+ {Black resigns} 1-0

[Event "Team 45 45 League T33"]
[Site "Internet Chess Club"]
[Date "2007.04.20"]
[Round "1"]
[White "rubo"]
[Black "achessman"]
[Result "0-1"]
[WhiteElo "1826"]
[BlackElo "2085"]
[ECO "A02"]
[TimeControl "2700+45"]

1. f4 g6 2. Nf3 Bg7 3. e3 Nf6 4. c4 c5 5. Nc3 Nc6 6. Be2 d6 7. O-O O-O 8. b3 e5
9. fxe5 dxe5 10. Bb2 e4 11. Ne1 Qe7 12. a3 Rd8 13. Qc2 Bf5 14. Rd1 h5 15. Nb1
Rd7 16. Bc3 Rad8 17. Qb2 Ne8 18. Bxh5 Ne5 19. Be2 b6 20. h3 Rd6 21. Rf2 Bc8 22.
Rf4 f5 23. g3 g5 24. Rf2 Rh6 25. Bf1 Qd6 26. Kg2 f4 27. gxf4 Bxh3+ 28. Kg1 Ng4
29. Bxg7 Nxg7 30. Bxh3 Nxf2 31. Kxf2 Rxh3 32. Ng2 Rf8 33. Rg1 Qg6 34. Ne1 g4 35.
Qe5 Rh2+ 36. Rg2 g3+ 37. Kg1 Rf5 38. Qxe4 Rh1+ 39. Kxh1 Rh5+ 40. Kg1 Qxe4 41.
Nc3 Qg6 42. Ne2 Qb1 43. Kf1 Rh1+ 44. Ng1 Nf5 45. Ke2 Qxb3 46. d3 Qb2+ 47. Kf3
Nh4+ {White resigns} 0-1

[Event "Team 45 45 League T33"]
[Site "Internet Chess Club"]
[Date "2007.04.22"]
[Round "1"]
[White "Andre"]
[Black "Changuito-77"]
[Result "1/2-1/2"]
[WhiteElo "1872"]
[BlackElo "1776"]
[ECO "D32"]
[TimeControl "2700+45"]

1. d4 d5 2. c4 e6 3. Nc3 c5 4. Nf3 Nc6 5. cxd5 exd5 6. Bg5 Be7 7. Bxe7 Ngxe7 8.
dxc5 d4 9. Ne4 O-O 10. Qd2 Qd5 11. Nd6 Qxc5 12. Nxc8 Raxc8 13. Rc1 Qb4 14. g3
Qxd2+ 15. Kxd2 Rfd8 16. Bh3 Rc7 17. Rc4 Nd5 18. Rhc1 Re7 19. a3 Nb6 20. Rc5 Rde8
21. Re1 f6 22. Bf5 Na4 23. Rc2 Rd8 24. Bd3 Na5 25. Rb1 Nb3+ 26. Kd1 Kh8 27. Rc4
Nac5 28. Kc2 a5 29. a4 Re6 30. Nd2 Nxd2 31. Kxd2 Nb3+ {Game drawn by mutual
agreement} 1/2-1/2

[Event "Team 45 45 League T33"]
[Site "Internet Chess Club"]
[Date "2007.04.23"]
[Round "1"]
[White "rss"]
[Black "tourettes"]
[Result "1/2-1/2"]
[WhiteElo "1800"]
[BlackElo "1839"]
[ECO "C01"]
[TimeControl "2700+45"]

1. e4 e6 2. d4 d5 3. exd5 exd5 4. Bd3 Nf6 5. Bg5 Be7 6. Nf3 Nbd7 7. Nbd2 O-O 8.
O-O Re8 9. c3 c6 10. Qc2 h6 11. Bh4 b6 12. Rfe1 Bb7 13. Re2 Qc7 14. Bg3 Bd6 15.
Bxd6 Qxd6 16. Rae1 Rxe2 17. Rxe2 Re8 18. Qd1 Re6 19. Bf5 Rxe2 20. Qxe2 Kf8 21.
Kf1 Qe7 22. Bd3 Qxe2+ 23. Kxe2 Ke7 24. Nh4 g6 25. f4 c5 26. Nhf3 Nh5 27. g3 c4
28. Bc2 Ndf6 29. Ne5 b5 30. a3 Ng7 31. Kf3 Nd7 {Game drawn by mutual agreement}
1/2-1/2

[Event "Team 45 45 League T33"]
[Site "Internet Chess Club"]
[Date "2007.04.21"]
[Round "1"]
[White "kostasgr"]
[Black "Boromir"]
[Result "0-1"]
[WhiteElo "2123"]
[BlackElo "1957"]
[ECO "C22"]
[TimeControl "2700+45"]

1. e4 e5 2. d4 exd4 3. Qxd4 Nc6 4. Qe3 Nf6 5. Nc3 Bb4 6. Bd2 O-O 7. O-O-O Re8 8.
Qg3 Rxe4 9. Bd3 Re8 10. f4 d5 11. Nf3 Bxc3 12. Bxc3 Nh5 13. Qf2 Nxf4 14. Bb5 a6
15. Bxc6 bxc6 16. Nd4 Qd6 17. Rhf1 c5 18. Nb3 Ne2+ 19. Kb1 Nxc3+ 20. bxc3 Be6
21. Nxc5 Rab8+ 22. Kc1 Rb5 23. Nb3 Rbb8 24. h4 a5 25. h5 a4 26. Nd4 c5 27. Nxe6
Qxe6 28. Qxc5 Qh6+ 29. Rd2 Rb7 30. Qxd5 Reb8 31. Kd1 Rb1+ 32. Ke2 Re8+ 33. Kf2
Qf4+ 34. Qf3 Qxd2+ {White resigns} 0-1

[Event "Team 45 45 League T33"]
[Site "Internet Chess Club"]
[Date "2007.04.22"]
[Round "1"]
[White "MrShaw"]
[Black "Fegary"]
[Result "1/2-1/2"]
[WhiteElo "1788"]
[BlackElo "1759"]
[ECO "B07"]
[TimeControl "2700+45"]

1. e4 d6 2. d4 Nf6 3. Nc3 g6 4. Be3 Bg7 5. f3 O-O 6. Qd2 c5 7. d5 e6 8. dxe6
Bxe6 9. Nge2 d5 10. Bxc5 Re8 11. exd5 Nxd5 12. O-O-O Qa5 13. Bd4 Nxc3 14. Nxc3
Rd8 15. Bb6 Rxd2 16. Bxa5 Rxd1+ 17. Nxd1 Nc6 18. Bc3 Rd8 19. Bxg7 Kxg7 20. Nc3
Nb4 21. a3 Nd5 22. Nxd5 Bxd5 23. Bd3 f5 24. Rd1 Be6 25. Bb5 Rxd1+ 26. Kxd1 Kf6
27. Kd2 Ke5 28. Kd3 g5 29. c4 g4 30. fxg4 fxg4 31. c5 g3 32. hxg3 Bd5 33. b4
Bxg2 34. Bd7 Kd5 35. Bc8 Bf1+ 36. Ke3 Kc6 37. Kd4 b6 38. cxb6 Kxb6 39. Bf5 h6
40. Bd3 Bh3 41. Ke5 Bg4 42. Kd6 a5 43. bxa5+ Kxa5 44. Bc2 Kb5 45. Ke5 Kc4 46.
Ba4 Kc3 47. Bc6 Bd1 48. Kf6 Kb3 49. a4 Kb4 50. Kg6 h5 51. Kg5 Bg4 52. Be8 Bd1
53. Bd7 Be2 54. Be8 Bd1 55. Kf4 Bg4 56. Ke5 Bd1 57. Kd4 Bg4 58. Ke5 Bd1 59. Kf4
Bg4 60. Kg5 Bd1 61. Bxh5 Bxa4 62. Kf6 Kc5 63. Bf3 Bd7 64. Be4 Bg4 65. Kg5 Be2
66. Kf4 Kd6 67. Bf3 Bc4 68. g4 Ke7 69. Ke5 Kf7 70. Be4 Kg7 71. g5 Bb3 72. Kf5
Bf7 73. Ke5 Bh5 {Game drawn by mutual agreement} 1/2-1/2

[Event "Team 45 45 League T33"]
[Site "Internet Chess Club"]
[Date "2007.04.22"]
[Round "1"]
[White "C-Jones"]
[Black "pokerram"]
[Result "1-0"]
[WhiteElo "1634"]
[BlackElo "1765"]
[ECO "B91"]
[TimeControl "2700+45"]

1. e4 c5 2. Nf3 d6 3. d4 cxd4 4. Nxd4 Nf6 5. Nc3 a6 6. g3 e5 7. Nf3 Bg4 8. Be2
Be7 9. O-O O-O 10. Be3 Nbd7 11. Nd2 Bxe2 12. Qxe2 Nc5 13. Rad1 Qc8 14. Bxc5 dxc5
15. Nc4 Qc7 16. Nd5 Nxd5 17. Rxd5 f6 18. Rfd1 Rfd8 19. Qg4 Kf8 20. Rd7 Rxd7 21.
Rxd7 Qc6 22. Ne3 Ke8 23. Rd5 g6 24. Nc4 Rd8 25. Rxd8+ Kxd8 26. Ne3 Qb6 27. b3
Qa5 28. Nd5 Qe1+ 29. Kg2 Qd2 30. Qe6 Qa5 31. Qxe7+ Kc8 32. Qxf6 Qe1 33. Qf8+ Kd7
34. Qe7+ Kc6 35. Qc7+ {Black resigns} 1-0

[Event "Team 45 45 League T33"]
[Site "Internet Chess Club"]
[Date "2007.04.22"]
[Round "1"]
[White "Duguesclin"]
[Black "lw"]
[Result "1-0"]
[WhiteElo "1729"]
[BlackElo "1502"]
[ECO "A40"]
[TimeControl "2700+45"]

1. d4 g6 2. c4 Bg7 3. Nc3 c5 4. e3 d6 5. Be2 cxd4 6. exd4 Nf6 7. Nf3 O-O 8. h3
a6 9. O-O Bd7 10. Qb3 Qc8 11. Be3 Nc6 12. Rac1 Rb8 13. Nd5 Bxh3 14. gxh3 Qxh3
15. Nf4 Qg4+ 16. Kh1 Ne4 17. Qd3 Nxd4 18. Nxd4 Qh4+ 19. Kg1 Nf6 20. Nf3 Qg4+ 21.
Kh1 Nh5 22. Nxh5 Qxh5+ 23. Nh2 Qh4 24. Rg1 Be5 25. Rg2 h6 26. Kg1 Bxb2 27. Rf1
Bg7 28. Ng4 {Black resigns} 1-0

[Event "Team 45 45 League T33"]
[Site "Internet Chess Club"]
[Date "2007.04.23"]
[Round "1"]
[White "Thestorm"]
[Black "chessateer"]
[Result "1-0"]
[WhiteElo "2135"]
[BlackElo "1889"]
[ECO "E45"]
[TimeControl "2700+45"]

1. d4 Nf6 2. c4 e6 3. Nc3 Bb4 4. e3 b6 5. Ne2 Ba6 6. a3 Bxc3+ 7. Nxc3 d5 8. b3
O-O 9. Be2 dxc4 10. bxc4 Nbd7 11. O-O Bb7 12. f3 c5 13. Bd3 Re8 14. Rb1 cxd4 15.
exd4 e5 16. d5 Nc5 17. Be3 Nxd3 18. Qxd3 Ba6 19. Rb4 Nd7 20. Ne4 f5 21. Ng5 e4
22. fxe4 fxe4 23. Qd4 Nf6 24. Ne6 Rxe6 25. dxe6 Qe7 26. Bg5 Rf8 27. Bxf6 gxf6
28. Qxe4 Bb7 29. Qf5 Bc8 30. c5 Bxe6 31. Rg4+ Kh8 32. Re4 Bxf5 33. Rxe7 Bd3 34.
Rd1 Bb5 35. Rb1 Bc6 36. cxb6 axb6 37. Rxb6 Bd5 38. Rd6 Bb3 39. Rdd7 Bc2 40. a4
Ra8 41. Ra7 Rb8 42. a5 Kg8 43. a6 Kf8 44. Rab7 Ra8 45. a7 Be4 46. Rxe4 Rc8 47.
Rb8 Rxb8 48. axb8=Q+ {Black resigns} 1-0

[Event "Team 45 45 League T33"]
[Site "Internet Chess Club"]
[Date "2007.04.21"]
[Round "1"]
[White "corsair"]
[Black "ETwoEFour"]
[Result "0-1"]
[WhiteElo "1784"]
[BlackElo "1978"]
[ECO "A16"]
[TimeControl "2700+45"]

1. c4 Nf6 2. Nc3 g6 3. g3 Bg7 4. Bg2 O-O 5. Nf3 d6 6. O-O e5 7. d3 Nc6 8. Bg5 h6
9. Be3 Ng4 10. Qd2 f5 11. Qc1 Nxe3 12. fxe3 Be6 13. Nd5 e4 14. Nh4 g5 15. Ng6
Rf7 16. dxe4 Qd7 17. exf5 Bxf5 18. Rxf5 Qxf5 19. Qb1 Qxb1+ 20. Rxb1 Re8 21. b4
Kh7 22. b5 Na5 23. Nde7 Rexe7 24. Nxe7 Rxe7 {White resigns} 0-1

[Event "Team 45 45 League T33"]
[Site "Internet Chess Club"]
[Date "2007.04.22"]
[Round "1"]
[White "billscotty"]
[Black "rippedmonkey"]
[Result "1-0"]
[WhiteElo "1659"]
[BlackElo "1788"]
[ECO "B43"]
[TimeControl "2700+45"]

1. e4 c5 2. Nf3 e6 3. d4 cxd4 4. Nxd4 a6 5. Nc3 Qc7 6. Bd3 Nf6 7. O-O Bc5 8. Nf3
d6 9. Bg5 Nbd7 10. h3 b5 11. Qd2 Bb7 12. a3 O-O 13. b4 Ba7 14. a4 Rfc8 15. Ra3
bxa4 16. Rc1 Bc6 17. Bxa6 Rcb8 18. b5 Bxe4 19. Nxa4 Bxf3 20. Rxf3 Ne4 21. Qf4
Nxg5 22. Qxg5 Ne5 23. Rg3 f5 24. c4 Ng6 25. Qd2 Bc5 26. Rd3 Rd8 27. Rd1 Ne5 28.
Nxc5 Qxc5 29. Rxd6 Rxd6 30. Qxd6 Qxd6 31. Rxd6 Nxc4 32. Rxe6 Kf7 33. Rc6 Na5 34.
Rc8 Ra7 35. Rc3 Ke6 36. Ra3 Nc4 37. Bc8+ Rd7 38. Bxd7+ Kxd7 39. Ra7+ Kd6 40.
Rxg7 Kc5 {Black resigns} 1-0

[Event "Team 45 45 League T33"]
[Site "Internet Chess Club"]
[Date "2007.05.01"]
[Round "1"]
[White "AntonioMendonca"]
[Black "nanning"]
[Result "1-0"]
[WhiteElo "1607"]
[BlackElo "1565"]
[ECO "A11"]
[TimeControl "2700+45"]

1. c4 c6 2. Nc3 Nf6 3. g3 d5 4. cxd5 cxd5 5. d4 Nc6 6. Bg2 Bf5 7. Qb3 Nxd4 8.
Qa4+ Nc6 9. Bg5 e5 10. Bxf6 Qxf6 11. Bxd5 Bc5 12. Nf3 O-O 13. Ne4 Bxe4 14. Qxe4
Bb4+ 15. Kf1 Bc5 16. Bxc6 bxc6 17. Rc1 Bd6 18. Rxc6 Qh6 19. Kg2 f5 20. Qd5+ Kh8
21. Rxd6 Qh5 22. Qxe5 Rae8 23. Re6 Rxe6 24. Qxe6 Re8 25. Qa6 f4 26. Rc1 fxg3 27.
hxg3 Qf5 28. Qxa7 h5 29. Rc7 Qf6 30. Rf7 Qxb2 31. Nd4 Rg8 32. e3 Qb4 33. Nf5
Qe4+ 34. Kh2 Qc2 35. Nh4 Qxf2+ 36. Rxf2 {Black resigns} 1-0